 Dungeon Crawl Stone Soup version 0.30.1-3-gfc49f6343a (webtiles) character file.

Game seed: 14807701966197908029

34427 Peloso the Fencer (level 13, -2/117 HPs)
             Began as a Minotaur Fighter on July 27, 2023.
             Was a High Priest of Okawaru.
             Slain by a death yak simulacrum (15 damage)
             ... on level 4 of the Lair of Beasts.
             The game lasted 00:35:19 (18788 turns).

Peloso the Fencer (Minotaur Fighter)               Turns: 18788, Time: 00:35:20

Health: -2/117     AC: 20    Str: 23    XL:     13   Next: 42%
Magic:  13/13      EV: 11    Int:  5    God:    Okawaru [*****.]
Gold:   1358       SH: 20    Dex: 19    Spells: 12/12 levels left

rFire   . . .        a - +1 long sword (flame)
rCold   . . .        d - +0 tower shield
rNeg    . . .        c - +4 chain mail
rPois   .            S - +2 hat
rElec   .            (no cloak)
rCorr   .            M - +0 pair of gloves
SInv    .            (no boots)
Will    .....        (no amulet) Stlth
                     e - +6 ring of dexterity
HPRegen 0.39/turn    n - ring of flight
MPRegen 0.13/turn

%: no passive effects
@: flying
A: horns 2, retaliatory headbutt
a: Renounce Religion, Heroism, Finesse, Duel


You were on level 4 of the Lair of Beasts.
You worshipped Okawaru.
Okawaru was extremely pleased with you.
You visited 3 branches of the dungeon, and saw 18 of its levels.
You also visited: Sewer.

You collected 1358 gold pieces.

Inventory:

Hand Weapons
 a - a +1 long sword of flaming (weapon)
 b - the +0 trident "Ithreteh" {heavy, rC++ Will+ Int+3}
   (You found it on level 6 of the Dungeon)

   Int:       It affects your intelligence (+3).
   rC:        It greatly protects you from cold.
   Will:      It increases your willpower.
Armour
 c - a +4 chain mail (worn)
 d - a +0 tower shield (worn)
 M - a +0 pair of gloves (worn)
 S - a +2 hat (worn)
Jewellery
 e - a +6 ring of dexterity (left hand)
 g - a ring of magical power
 k - a ring of willpower
 n - a ring of flight (right hand)
 o - a ring of positive energy
 B - a +6 ring of intelligence
 E - a ring of resist corrosion
 J - a ring of fire
 K - a ring of poison resistance
 N - a ring of ice
 U - a ring of willpower
 V - a ring of wizardry
Wands
 z - a wand of charming (2)
 C - a wand of flame (38)
 O - a wand of light (4)
 T - a wand of iceblast (2)
Scrolls
 f - 3 scrolls of immolation
 j - 3 scrolls of fog
 l - 4 scrolls of teleportation
 p - 2 scrolls of blinking
 r - 5 scrolls of poison
 t - 3 scrolls of brand weapon
 u - a scroll of noise {unknown}
 v - a scroll of amnesia
 y - a scroll of vulnerability {unknown}
 F - 2 scrolls of enchant weapon
 G - a scroll of fear
 P - a scroll of enchant armour
Potions
 h - 7 potions of haste
 i - 4 potions of cancellation
 m - a potion of flight
 q - 4 potions of curing
 w - a potion of invisibility
 x - 2 potions of magic
 A - 4 potions of resistance
 D - 4 potions of might
 H - a potion of brilliance
 I - 2 potions of mutation
 R - 2 potions of lignification {unknown}
 W - 3 potions of ambrosia {unknown}
 Y - 2 potions of berserk rage {unknown}
Miscellaneous
 X - a phial of floods
 Z - a tin of tremorstones (2/2)


   Skills:
 + Level 11.8 Fighting
 + Level 15.2 Long Blades
 + Level 12.2 Armour
 + Level 6.0 Dodging
 + Level 2.0 Stealth
 + Level 15.2 Shields
 + Level 2.1 Invocations
 + Level 0.9 Evocations


You had 12 spell levels left.
You didn't know any spells.
Your spell library contained the following spells:

 Spells                   Type           Power      Damage    Failure   Level
 Beastly Appendage        Tmut           0%         N/A       99%         1
 Necrotise                Necr           0%         1d4       99%         1
 Poisonous Vapours        Pois/Air       0%         N/A       100%        2
 Scorch                   Fire           0%         2d5       100%        2
 Static Discharge         Conj/Air       0%         2-2/arc   100%        2
 Wereblood                Tmut           0%         N/A       100%        2
 Mephitic Cloud           Conj/Pois/Air  0%         N/A       100%        3
 Spider Form              Tmut/Pois      0%         N/A       100%        3
 Vampiric Draining        Necr           0%         2d6       100%        3
 Airstrike                Air            0%         2d(0-16)  100%        4
 Flame Wave               Conj/Fire      0%         2d4       100%        4
 Passage of Golubria      Tloc           0%         N/A       100%        4
 Agony                    Necr           0%         N/A       100%        5
 Freezing Cloud           Conj/Ice/Air   0%         6-21      100%        5
 Silence                  Hex/Air        0%         N/A       100%        5
 Lehudib's Crystal Spear  Conj/Erth      0%         10d2      100%        8
 Summon Lightning Spire   Summ/Air       Unusable   N/A       N/A         4
 Summon Cactus Giant      Summ           Unusable   N/A       N/A         6

Dungeon Overview and Level Annotations

Branches:
Dungeon (13/15)            Temple (1/1) D:4            Lair (4/5) D:11
  Swamp (0/4) Lair:3        Snake (0/4) Lair:3        Slime (0/5) Lair:4
    Orc (0/2) D:12          Sewer (visited)
 Vaults: D:13-14

Altars:
Ashenzari
Cheibriados
Dithmenos
Elyvilon
Fedhas
Gozag
Hepliaklqana
Kikubaaqudgha
Makhleb
Nemelex Xobeh
Okawaru
Qazlal
Ru
Sif Muna
Trog
Uskayaw
Vehumet
Wu Jian
Xom
Yredelemnul
Zin
The Shining One
Jiyva

Shops:
D:6 :

Portals:
Trove: D:10 (give +7 demon blade)
Ice
Cave: Lair:4


Innate Abilities, Weirdness & Mutations

You have a pair of horns on your head.
You reflexively headbutt those who attack you in melee.


Message History

You block the cane toad simulacrum's attack.
You block the death yak simulacrum's attack.
You hit the cane toad simulacrum.
You melt the cane toad simulacrum.
You headbutt the cane toad simulacrum, but do no damage.
The cane toad simulacrum is heavily damaged.
You block the cane toad simulacrum's attack.
You block the death yak simulacrum's attack.
Unknown command.
You slash the cane toad simulacrum!
You melt the cane toad simulacrum.
The cane toad simulacrum vaporises!
Okawaru accepts your kill.
Unknown command.
You completely miss the death yak simulacrum.
The death yak simulacrum gores you but does no damage.
Unknown command.
You slash the death yak simulacrum!
You melt the death yak simulacrum.
The death yak simulacrum is moderately damaged.
Unknown command.
You hit the death yak simulacrum.
You melt the death yak simulacrum.
You headbutt the death yak simulacrum.
The death yak simulacrum is heavily damaged.
The death yak simulacrum gores you!
* * * LOW HITPOINT WARNING * * *
The death yak simulacrum freezes you!
* * * LOW HITPOINT WARNING * * *
You feel better.
You block the death yak simulacrum's attack.
You feel better.
You block the death yak simulacrum's attack.
You slash the death yak simulacrum!
You melt the death yak simulacrum.
You headbutt the death yak simulacrum, but do no damage.
The death yak simulacrum is severely damaged.
Unknown command.
You hit the death yak simulacrum but do no damage.
You headbutt the death yak simulacrum, but do no damage.
The death yak simulacrum is severely damaged.
The death yak simulacrum gores you.
* * * LOW HITPOINT WARNING * * *
The death yak simulacrum freezes you!
You die...

,,,,,,,,,* ##....PPPPPPPP***,+*
,,,,,,,,,* #.....PPPPPP,,,,,,,
,,,,,,,,,* ####......PPP,,,,,,,,,
,,,,,,,,,###..P.>.......,,,,,,,,,
,,,,,,,,,.............#.,*,**,,,*
,,,,,,,,,....##....^..#.,******,*
,,,,,,,,,...#*#.........,* ******
,,,,,,,,,###* #.........,***,****
,,,,,,,,,* **#.@.......,,,,,,,,,
,,,,,,,,,* **,#Z........,,,,,,,,,
,,,,,,,,,* *,.........#.,,,,,,,,,
,~*~~~**,**#..........#,,,,,,,,,,
,*~~~~~*,,*##..........#*,,*,,,,,
,~~~~~~,,,**..........P#*,,**,*,,
,~~~~~,*,,*###$.∩......#*,,***,,,
,,,,,,,,,** #........#.*,,**,,*,
,*,**,**,* **,,,,,,,,,,,,,,,,,**


You could see a death yak simulacrum.

Vanquished Creatures
  Gastronok (D:8)
  Snorg (D:13)
  Harold (Lair:2)
  2 hydras (Lair:3)
  5 two-headed ogres
  2 tengu warriors
  Urug (D:10)
  Sonja (D:10)
  Nergalle (D:10)
  2 bog bodies (Lair:3)
  A lindwurm (Lair:3)
  A salamander (Lair:3)
  A manticore (D:12)
  A cyclops (D:12)
  An ugly thing (D:13)
  2 black mambas
  4 elephants (Lair:3)
  2 torpor snails
  A gargoyle (D:11)
  2 cane toads
  A rime drake (Lair:2)
  4 komodo dragons
  2 unseen horrors (D:12)
  A tengu conjurer (D:11)
  2 trolls
  A hornet (D:4)
  A polar bear (Lair:4)
  8 blink frogs (Lair:2)
  4 dream sheep (Lair:1)
  3 slime creatures (D:11)
  3 wyverns
  3 wraiths
  A shadow (D:12)
  24 yaks
  2 basilisks
  A death yak simulacrum (Lair:4)
  Grum (D:8)
  2 steam dragons
  2 wargs
  2 acid dragons
  Duvessa (D:4)
  10 water moccasins
  A sky beast (D:7)
  4 orc warriors
  5 ice beasts
  3 wolves (D:7)
  An ogre (D:6)
  A phantom (D:6)
  9 centaurs
  A kobold brigand (D:6)
  8 bullfrogs
  A gnoll sergeant (D:9)
  6 scorpions
  3 cane toad simulacra (Lair:4)
  14 wights
  Dowan (D:4)
  10 killer bees
  6 spriggan skeletons (D:9)
  8 howler monkeys
  A troll skeleton (D:9)
  2 lava snakes (Lair:3)
  3 hounds
  5 orc priests
  8 jellies
  2 gnoll boudas (D:8)
  5 iguanas
  A sleepcap (D:7)
  15 orc wizards
  10 gnolls
  24 adders
  3 river rats (Sewer)
  A shadow imp (D:6)
  2 white imps
  An ufetubus (D:6)
  3 worms
  2 dart slugs
  27 orcs
  15 ball pythons
  3 endoplasms
  3 giant cockroaches
  2 goblins
  4 hobgoblins
  7 jackals
  7 quokkas
  8 bats
  9 frilled lizards
  10 kobolds
  35 rats
412 creatures vanquished.

Notes
Turn   | Place    | Note
-------+----------+-------------------------------------------
     0 | D:1      | Peloso the Minotaur Fighter began the quest for the Orb.
     0 | D:1      | Reached XP level 1. HP: 19/19 MP: 0/0
   444 | D:1      | Reached XP level 2. HP: 26/27 MP: 1/1
   729 | D:2      | Reached XP level 3. HP: 28/33 MP: 2/2
  1265 | D:2      | Reached XP level 4. HP: 26/40 MP: 3/3
  1805 | D:3      | Found a faded altar of an unknown god.
  2396 | D:3      | Reached XP level 5. HP: 37/46 MP: 4/4
  2400 | D:3      | Found a glowing drain.
  2409 | Sewer    | Entered a sewer
  2581 | Sewer    | Reached skill level 5 in Long Blades
  2641 | Sewer    | Reached skill level 1 in Dodging
  2726 | Sewer    | Reached skill level 5 in Armour
  2726 | Sewer    | Reached XP level 6. HP: 41/53 MP: 5/5
  3821 | D:4      | Found a staircase to the Ecumenical Temple.
  3841 | Temple   | Entered the Ecumenical Temple
  4147 | D:4      | Noticed Duvessa
  4217 | D:4      | Killed Duvessa
  4218 | D:4      | Reached XP level 7. HP: 47/60 MP: 6/6
  4223 | D:4      | Noticed Dowan
  4248 | D:4      | Killed Dowan
  4306 | D:4      | Reached skill level 5 in Shields
  4593 | D:4      | Noticed a hornet
  4607 | D:4      | Killed a hornet
  4608 | D:4      | Reached skill level 5 in Fighting
  4921 | D:5      | Entered Level 5 of the Dungeon
  5124 | D:5      | Reached XP level 8. HP: 68/68 MP: 7/7
  5382 | D:5      | Found an ancient bone altar of Kikubaaqudgha.
  5555 | D:5      | Found a radiant altar of Vehumet.
  5555 | D:5      | Found an iron altar of Okawaru.
  5764 | D:5      | Became a worshipper of Warmaster Okawaru
  6287 | D:6      | Reached * piety under Okawaru
  6300 | D:6      | Reached XP level 9. HP: 61/75 MP: 8/8
  6494 | D:6      | Found Obiulox's Book Shoppe.
  6927 | D:6      | Reached skill level 10 in Long Blades
  7049 | D:6      | Identified the +0 trident "Ithreteh" {heavy, rC++ Will+
                  | Int+3}
  7164 | D:6      | Reached ** piety under Okawaru
  8465 | D:8      | Noticed Grum
  8480 | D:7      | Reached *** piety under Okawaru
  8551 | D:7      | Reached XP level 10. HP: 45/86 MP: 9/9
  8682 | D:8      | Killed Grum
  9040 | D:8      | Found a viscous altar of Jiyva.
  9134 | D:8      | Noticed Gastronok
  9144 | D:8      | Killed Gastronok
  9144 | D:8      | Reached **** piety under Okawaru
  9541 | D:9      | Found a bloodstained altar of Trog.
 10670 | D:10     | Entered Level 10 of the Dungeon
 10677 | D:10     | Found a portal to a secret trove of treasure.
 10823 | D:10     | Noticed a two-headed ogre
 10841 | D:10     | Killed a two-headed ogre
 10841 | D:10     | Reached ***** piety under Okawaru
 10842 | D:10     | Reached skill level 10 in Shields
 10949 | D:10     | Noticed a two-headed ogre
 10957 | D:10     | Killed a two-headed ogre
 10958 | D:10     | Reached skill level 1 in Stealth
 10958 | D:10     | Reached XP level 11. HP: 67/95 MP: 7/10
 11090 | D:10     | Noticed Urug
 11265 | D:10     | Killed Urug
 11544 | D:10     | Noticed Sonja
 11545 | D:10     | Noticed Nergalle
 11551 | D:10     | Killed Sonja
 11551 | D:10     | Identified the +1 robe of Ynuile {rPois} (Okawaru gifted it
                  | to you on level 10 of the Dungeon)
 11551 | D:10     | Received a gift from Okawaru
 11560 | D:10     | Killed Nergalle
 11561 | D:10     | Reached skill level 10 in Armour
 12001 | D:11     | Noticed a tengu warrior
 12460 | D:10     | Killed a tengu warrior
 12617 | D:11     | Reached skill level 1 in Invocations
 12637 | D:11     | You are sucked into a shaft and drop 2 floors!
 12643 | D:13     | Noticed a white ugly thing
 12656 | D:13     | Killed a white ugly thing
 12939 | D:13     | Noticed a tengu warrior
 12959 | D:13     | Killed a tengu warrior
 13115 | D:12     | Noticed Snorg
 13115 | D:12     | Found a staircase to the Orcish Mines.
 13142 | D:13     | Killed Snorg
 13507 | D:11     | Reached XP level 12. HP: 92/105 MP: 12/12
 13628 | D:11     | Noticed a two-headed ogre
 13651 | D:11     | Killed a two-headed ogre
 13724 | D:11     | Found a staircase to the Lair.
 13894 | D:10     | Reached skill level 5 in Dodging
 14276 | D:12     | Reached skill level 10 in Fighting
 14792 | D:12     | Noticed a two-headed ogre
 14804 | D:12     | Killed a two-headed ogre
 14992 | D:12     | Noticed a two-headed ogre
 15000 | D:12     | Killed a two-headed ogre
 15187 | Lair:1   | Entered Level 1 of the Lair of Beasts
 16173 | Lair:2   | Noticed Harold
 16201 | Lair:2   | Killed Harold
 17038 | Lair:2   | Received a gift from Okawaru
 17276 | Lair:3   | Noticed a seven-headed hydra
 17295 | Lair:3   | Killed a three-headed hydra
 17296 | Lair:3   | Reached XP level 13. HP: 106/116 MP: 13/13
 17320 | Lair:3   | Reached skill level 15 in Long Blades
 17847 | Lair:3   | Found a staircase to the Swamp.
 18054 | Lair:3   | Reached skill level 15 in Shields
 18316 | Lair:3   | Found a staircase to the Snake Pit.
 18338 | Lair:3   | Received a gift from Okawaru
 18766 | Lair:4   | Found a frozen archway.
 18784 | Lair:4   | HP: 2/117 [death yak simulacrum (17)]
 18788 | Lair:4   | Slain by a death yak simulacrum

Illustrated notes

Levels and vault maps discovered:
D:1:      beargit_arrival_greenhouse, layout_loops_ring
D:2:      minmay_general_purpose_star, layout_loops_cross,
          kennysheep_generic_room_15
D:3:      layout_basic, dreamdust_ecumenical_altar_statues,
          portal_sewer_entry_b, minmay_misc_feat_secret_circle
D:4:      layout_gridville, minmay_temple_entry_mini_moons, uniq_duvessa
D:5:      layout_cave_pools, kiku_gazebo_pond_becter,
          amethyst_overflow_temple_binary, minmay_tree_intersection
D:6:      minmay_chambers_of_threes, layout_basic, serial_shops,
          nicolae_shop_trees, st_stairs_5, hangedman_decor_slide_cut,
          centaur_isle
D:7:      layout_basic
D:8:      layout_basic, minmay_crystal_water, st_stairs_14, jiyva_altar_1,
          uniq_gastronok, uniq_grum
D:9:      layout_layer_cave, mainiacjoe_overflow_24_doors,
          hangedman_tell_no_tales
D:10:     layout_grid_maze, enter_trove_1, grunt_ministairs_14,
          minmay_misc_feat_iff, uniq_nergalle, uniq_urug, uniq_sonja
D:11:     layout_big_octagon, erik_lair_orcish_takeover
D:12:     layout_long_grid, orc_0_dummy, chequers_serial_rivers_room_a,
          uniq_snorg
D:13:     gammafunk_beogh_shrine, layout_basic,
          skrybe_vaults_entry_preservation, serial_glass, glass_columns_a,
          glass_columns_a
Temple:   regret_index_temple_mists
Lair:1:   layout_loops_ring
Lair:2:   layout_roguey, lemuel_fruit_tree, lemuel_fruit_fields,
          grunt_megastairs_4, uniq_harold
Lair:3:   layout_regular_city, skrybe_swamp_entry_bodies,
          nicolae_snake_entry_warm_welcome, cheibrodos_lair_reptile_den
Lair:4:   layout_gridlike, slime_entry_1, serial_forest,
          infiniplex_forest_lined_2, infiniplex_forest_lined_room_2,
          infiniplex_forest_zigzag_1, infiniplex_forest_lined_2,
          infiniplex_forest_clump_large, infiniplex_forest_clump_large,
          infiniplex_forest_end_2, infiniplex_forest_straight_2,
          portal_ice_cave_entry_ice_simulacra, chequers_serial_rivers_room_a

Skill      XL: |  1  2  3  4  5  6  7  8  9 10 11 12 13 |
---------------+----------------------------------------+-----
Armour         | 4 5 6 7 8 9 10 11 12 | 12.2
Fighting       | 4 5 6 7 8 9 11 | 11.8
Shields        | 4 5 6 8 10 11 14 15 | 15.2
Long Blades    | 3 4 5 6 7 9 11 13 14 15 | 15.2
Dodging        | 1 2 3 4 5 6 |  6.0
Stealth        | 1 2 |  2.0
Invocations    | 1 2 |  2.1
Evocations     | |  0.9

Action                     |  1- 3 |  4- 6 |  7- 9 | 10-12 | 13-15 || total
---------------------------+-------+-------+-------+-------+-------++-------
  Melee: Long sword        |    81 |   165 |   263 |   678 |   199 ||  1386
         Headbutt          |    16 |    21 |    47 |   139 |    64 ||   287
 Invoke: Heroism           |       |       |       |    17 |       ||    17
  Evoke: Wand              |       |       |     3 |     3 |       ||     6
    Use: Scroll            |     2 |     8 |       |    13 |     1 ||    24
         Potion            |     2 |       |     1 |     6 |     3 ||    12
 Armour: Scale mail        |    46 |   113 |   106 |     1 |       ||   266
         Plate armour      |       |       |       |    78 |       ||    78
         Chain mail        |       |       |       |   182 |    69 ||   251
  Dodge: Dodged            |    42 |   120 |   108 |   195 |    55 ||   520
  Block: Buckler           |    11 |    67 |    29 |       |       ||   107
         Kite shield       |       |       |   119 |   343 |       ||   462
         Tower shield      |       |       |       |   220 |   207 ||   427
